 Dungeon Crawl Stone Soup version 0.21.0 (webtiles) character file.

79 letownia2 the Ruffian (level 4, 23/23 HPs)
             Began as a Vine Stalker Fighter on Jan 7, 2018.
             Quit the game in the Ecumenical Temple.
             The game lasted 00:01:53 (873 turns).

letownia2 the Ruffian (Vine Stalker Fighter)         Turns: 873, Time: 00:01:54

Health: 23/23      AC:  7    Str: 19    XL:     4   Next: 37%
Magic:  5/5        EV:  9    Int:  9    God:
Gold:   64         SH:  0    Dex: 13    Spells: 3/3 levels left

rFire    . . .     SeeInvis .     - Unarmed
rCold    . . .     Gourm    .   (no shield)
rNeg     . . .     Faith    .   a - +0 scale mail
rPois    .         Spirit   +   e - +0 helmet
rElec    .         Reflect  .   (no cloak)
rCorr    .         Harm     .   (no gloves)
MR       .....                  (no boots)
Stlth    ..........             (no amulet)
HPRegen  0.47/turn              (no ring)
MPRegen  0.09/turn              (no ring)

@: no status effects
A: fangs 2, regeneration 1, magic shield, antimagic bite, no potion heal 3, rot
immunity
a: no special abilities


You were in the Ecumenical Temple.
You were not hungry.

You visited 2 branches of the dungeon, and saw 5 of its levels.

You collected 64 gold pieces.

Inventory:

Armour
 a - a +0 scale mail (worn)
 b - a +0 shield
 e - a +0 helmet (worn)
Wands
 l - a wand of random effects (20)
Scrolls
 i - a scroll of magic mapping {unknown}
 j - 3 scrolls of identify {unknown}
 n - a scroll of amnesia {unknown}
Potions
 c - a potion of might
 f - a potion of cancellation {unknown}
 g - 2 potions of flight {unknown}
 k - a potion of degeneration {unknown}
 m - a potion of haste {unknown}
Comestibles
 d - 2 rations
 h - 2 chunks of flesh


   Skills:
 - Level 2.6 Fighting
 - Level 2.4 Armour
 - Level 2.6 Shields
 + Level 4.5 Unarmed Combat


You had 3 spell levels left.
You didn't know any spells.

Dungeon Overview and Level Annotations

Branches:
Dungeon (4/15)             Temple (1/1) D:4

Altars:
Cheibriados
Dithmenos
Elyvilon
Fedhas
Hepliaklqana
Kikubaaqudgha
Makhleb
Nemelex Xobeh
Qazlal
Sif Muna
Trog
Uskayaw
Wu Jian
Xom
Yredelemnul
The Shining One


Innate Abilities, Weirdness & Mutations

You have extremely sharp teeth.
Your natural rate of healing is unusually fast.
When hurt, damage is shared between your health and your magic reserves.
Your bite disrupts and absorbs the magic of your enemies.
Potions cannot restore your health.
You are immune to rotting.


Message History

Found a hide-covered altar of Uskayaw.
There is a burning altar of Makhleb here.
Found a white marble altar of Elyvilon.
Found an ancient bone altar of Kikubaaqudgha.
Found an ornate altar of the Wu Jian Council.
Found a bloodstained altar of Trog.
There is an ornate altar of the Wu Jian Council here.
Found a shimmering altar of Xom.
There is an ornate altar of the Wu Jian Council here.
Found a stormy altar of Qazlal.
Found a hazy altar of Hepliaklqana.
Found a snail-covered altar of Cheibriados.
Found a sparkling altar of Nemelex Xobeh.
Found a basalt altar of Yredelemnul.
Found a glowing golden altar of the Shining One.
Found a shadowy altar of Dithmenos.
There is a glowing golden altar of the Shining One here.
There is a deep blue altar of Sif Muna here.
There is a staircase back to the Dungeon here.
Are you sure you want to abandon this character and quit the game? (Confirm with "yes".)

..._........###
..............##
#......_.......##
####............##
###...........#
##...._.....##
##..........#
#..........#
#....._..@.#
#..........#
##..........#
##...._.....##
###...........#
####............##
#......_.......##
..............##
..._........###


There were no monsters in sight!

Vanquished Creatures
  A hound (D:4)
  An iguana (D:4)
  An adder (D:2)
  A dart slug (D:2)
  A hobgoblin (D:2)
  2 jackals (D:2)
  3 kobolds (D:2)
  3 bats
  A goblin (D:1)
  2 rats (D:2)
16 creatures vanquished.

Notes
Turn   | Place    | Note
-------+----------+-------------------------------------------
     0 | D:1      | letownia2 the Vine Stalker Fighter began the quest for the Orb.
     0 | D:1      | Reached XP level 1. HP: 11/11 MP: 2/2
   362 | D:2      | Reached skill level 3 in Unarmed Combat
   362 | D:2      | Reached XP level 2. HP: 15/16 MP: 3/3
   607 | D:2      | Reached XP level 3. HP: 18/19 MP: 2/4
   679 | D:4      | Reached skill level 4 in Unarmed Combat
   702 | D:4      | Gained mutation: Your natural rate of healing is unusually fast. [Vine Stalker growth]
   702 | D:4      | Reached XP level 4. HP: 4/23 MP: 0/5
   786 | D:4      | Found a staircase to the Ecumenical Temple.
   804 | Temple   | Entered the Ecumenical Temple
   873 | Temple   | Quit the game

Skill      XL: |  1  2  3 |
---------------+----------+-----
Unarmed Combat | 3 4 |  4.5
Fighting       | |  2.6
Armour         | |  2.4
Shields        | |  2.6

Action                   |  1- 3 |  4- 6 || total
-------------------------+-------+-------++-------
Melee: Unarmed           |    50 |       ||    50
       Bite              |    18 |       ||    18
Armor: Scale mail        |    19 |       ||    19
Dodge: Dodged            |    15 |       ||    15
Block: Shield            |     2 |       ||     2
